 Dungeon Crawl Stone Soup version 0.16.2-12-gd0ad4c3 (webtiles) character file.

2909 Aumanor the Destroyer (level 9, -1/45 HPs)
             Began as a Deep Elf Wizard on Nov 1, 2016.
             Was a Follower of Vehumet.
             Slain by a guardian serpent (16 damage)
             ... on level 9 of the Dungeon.
             The game lasted 00:56:59 (11290 turns).

Aumanor the Destroyer (Deep Elf Wizard)            Turns: 11290, Time: 00:56:59

Health: -1/45      AC:  7    Str:  4    XL:     9   Next: 49%
Magic:  31/38      EV: 12    Int: 27    God:    Vehumet [*.....]
Gold:   501        SH:  0    Dex: 13    Spells: 6 memorised, 13 levels left

rFire  + . .     SeeInvis .     N - staff of energy
rCold  + . .     Clarity  .     t - +2 robe {MR+}
rNeg   . . .     SustAb   .     (no shield)
rPois  +         Gourm    .     C - +0 helmet
rElec  .         Spirit   .     Q - +0 cloak
rCorr  .         Warding  .     k - +0 pair of gloves
rMut   .         Stasis   .     (no boots)
MR     +....                    (no amulet)
Stlth  ++........               x - ring of magical power
                                j - ring of Jealousy {rPois rF+ rC+}

@: somewhat resistant to hostile enchantments, unstealthy
A: no striking features
a: Renounce Religion


You were on level 9 of the Dungeon.
You worshipped Vehumet.
Vehumet was aware of your devotion.
You were not hungry.

You visited 2 branches of the dungeon, and saw 10 of its levels.
You also visited: Sewer.

You collected 501 gold pieces.

Inventory:

Hand weapons
 l - a +1 short sword of holy wrath
 m - a +0 hunting sling
 M - a +1 flail of protection
Missiles
 e - 308 stones (quivered)
 y - 10 steel sling bullets
 S - 22 sling bullets
 Y - 37 poisoned needles
Armour
 b - a +0 hat
 k - a +0 pair of gloves (worn)
 t - a +2 robe of magic resistance (worn)
 C - a +0 helmet (worn)
 F - a +3 leather armour of cold resistance
 Q - a +0 cloak (worn)
Magical staves
 N - an uncursed staff of energy (weapon)
Jewellery
 j - the ring of Jealousy (left hand) {rPois rF+ rC+}
   (You found it on level 1 of the Dungeon)

   [ring of poison resistance]

   It protects you from fire.
   It protects you from cold.
   It protects you from poison.
 x - a ring of magical power (right hand)
 E - an uncursed ring of stealth
 R - the amulet "Dycegg" {Stasis rC- Str+2 Int+4}
   (You found it on level 6 of the Dungeon)

   [amulet of stasis]

   It prevents you from being teleported, slowed, hasted or paralysed.
   It affects your strength (+2).
   It affects your intelligence (+4).
   It makes you vulnerable to cold.
Magical devices
 p - a wand of lightning (10)
 s - a wand of confusion (15)
Scrolls
 a - a scroll of brand weapon {unknown}
 f - 5 scrolls of magic mapping
 g - 8 scrolls of teleportation
 i - 7 scrolls of remove curse
 n - 2 scrolls of fog {unknown}
 q - 3 scrolls of identify
 u - a scroll of noise {unknown}
 w - 2 scrolls of enchant weapon {unknown}
 z - 2 scrolls of fear
 B - a scroll of silence {unknown}
 J - 2 scrolls of amnesia {unknown}
Potions
 o - 2 potions of invisibility
 r - a potion of ambrosia {unknown}
 G - 2 potions of curing
 P - 2 potions of might
 V - 3 potions of restore abilities
Books
 c - a book of Minor Magic

   Spells                             Type                      Level
   a - Magic Dart                     Conjuration                  1
   b - Blink                          Translocation                2
   c - Call Imp                       Summoning                    2
   d - Repel Missiles                 Charms/Air                   2
   e - Slow                           Hexes                        2
   f - Conjure Flame                  Conjuration/Fire             3
   g - Mephitic Cloud                 Conjuration/Poison/Air       3
 A - a book of Unlife

   Spells                             Type                      Level
   a - Recall                         Summoning/Translocation      3
   b - Animate Dead                   Necromancy                   4
   c - Control Undead                 Necromancy                   4
   d - Cigotuvi's Embrace             Necromancy                   5
   e - Death Channel                  Necromancy                   6
   f - Simulacrum                     Ice/Necromancy               6
Comestibles
 d - 7 bread rations
 h - 5 beef jerkies
 v - a slice of pizza
 D - 5 chunks of flesh
 W - 2 meat rations


   Skills:
 - Level 2.4 Dodging
 - Level 2.4 Stealth
 + Level 8.7 Spellcasting
 * Level 9.9 Conjurations
 - Level 1.1 Summonings
 - Level 1.1 Translocations
 + Level 6.5 Fire Magic
 - Level 3.0 Air Magic
 - Level 3.5 Poison Magic


You had 13 spell levels left.
You knew the following spells:

 Your Spells              Type           Power        Failure   Level  Hunger
a - Magic Dart            Conj           ####         1%          1    None
b - Blink                 Tloc           N/A          6%          2    None
c - Call Imp              Summ           ###.....     6%          2    None
d - Mephitic Cloud        Conj/Pois/Air  #####...     1%          3    None
e - Conjure Flame         Conj/Fire      ######..     1%          3    None
f - Shock                 Conj/Air       ####         1%          1    None


Dungeon Overview and Level Annotations

Branches:
Dungeon (9/15)             Temple (1/1) D:7
   Lair: D:8-11         Orc: D:9-12

Altars:
Ashenzari
Cheibriados
Elyvilon
Fedhas
Gozag
Kikubaaqudgha
Makhleb
Nemelex Xobeh
Okawaru
Qazlal
Ru
Vehumet
Xom
Yredelemnul
Zin
The Shining One

Annotations:
D:7 Arkorax's ghost, experienced MiGl


Message History

You assume a fearsome visage.
The guardian serpent looks frightened!
Casting: Mephitic Cloud
Confirm with . or Enter, or press ? or * to list all spells.
Aiming: Magic Dart
Press: ? - help, Shift-Dir - straight line, f/p - guardian serpent
Aim: a guardian serpent (noxious fumes, fleeing)
The magic dart hits the guardian serpent.
The guardian serpent is lightly wounded.
Your attack snaps the guardian serpent out of its fear.
The guardian serpent casts a spell at you.
The bolt of poison hits you! You resist.
Casting: Magic Dart
Confirm with . or Enter, or press ? or * to list all spells.
Aiming: Magic Dart
Press: ? - help, Shift-Dir - straight line, f/p - guardian serpent
Aim: a guardian serpent (lightly wounded)
The magic dart hits the guardian serpent.
The guardian serpent is lightly wounded.
The guardian serpent hits you!
You die...

.....
#.).#..# ...
#..))..#
#.####......#
##...>#######
#....).#
#...#..#
##.##.##
#.##+#
##.@S§#
#'..#§+
##..#§#
#####§ .§ .##
#


You could see a guardian serpent.

Vanquished Creatures
  Pikel (D:6)
  2 steam dragons (D:5)
  2 orc warriors
  2 slaves (D:6)
  3 ogres
  2 sky beasts
  3 centaurs
  An ice beast (D:8)
  A giant frog (D:6)
  A big kobold (D:7)
  4 scorpions
  4 crimson imps
  The ghost of aredel the Insei, a weakling OpTm (D:4)
  2 iguanas
  A jelly (D:5)
  4 hounds
  4 orc wizards
  3 orc priests
  2 giant frog skeletons (D:7)
  A hound zombie (D:6)
  A worker ant zombie (D:6)
  2 river rats (Sewer)
  2 giant mites
  13 adders
  A shadow imp (D:7)
  4 worms
  5 giant geckos
  5 oozes
  26 orcs
  4 bat skeletons (D:4)
  A bat zombie (D:7)
  10 giant cockroaches
  9 hobgoblins
  25 jackals
  21 kobolds
  9 quokkas
  5 ball pythons
  15 bats
  9 giant newts
  2 giant spores
  22 goblins
  24 rats
259 creatures vanquished.

Vanquished Creatures (collateral kills)
  A crimson imp (D:7)
  2 jackals (D:1)
  2 ballistomycetes
5 creatures vanquished.

Vanquished Creatures (others)
  A crimson imp (D:6)
1 creature vanquished.

Grand Total: 265 creatures vanquished

Notes
Turn   | Place    | Note
--------------------------------------------------------------
     0 | D:1      | Aumanor, the Deep Elf Wizard, began the quest for the Orb.
     0 | D:1      | Reached XP level 1. HP: 10/10 MP: 6/6
   525 | D:1      | Reached XP level 2. HP: 4/15 MP: 0/9
   610 | D:1      | Learned a level 2 spell: Blink
   613 | D:1      | Learned a level 2 spell: Call Imp
  1284 | D:1      | Reached XP level 3. HP: 19/19 MP: 9/12
  1289 | D:1      | Learned a level 3 spell: Mephitic Cloud
  2089 | D:2      | Found a shimmering altar of Xom.
  2151 | D:2      | Reached skill level 1 in Poison Magic
  2367 | D:2      | Reached skill level 1 in Air Magic
  2552 | D:2      | Reached XP level 4. HP: 24/24 MP: 7/15
  3474 | D:3      | Found a snail-covered altar of Cheibriados.
  3861 | D:3      | Reached XP level 5. HP: 28/28 MP: 18/18
  4188 | D:1      | Got a sparkling lapis lazuli ring
  4192 | D:1      | Identified the ring of Jealousy {rPois rF+ rC+} (You found it on level 1 of the Dungeon)
  4438 | D:4      | Found a glowing drain.
  4472 | Sewer    | Entered a sewer
  5134 | D:4      | Reached XP level 6. HP: 32/32 MP: 20/20
  5139 | D:4      | Learned a level 3 spell: Conjure Flame
  5356 | D:4      | Noticed aredel's ghost (weakling OpTm)
  5362 | D:4      | Killed aredel's ghost
  5403 | D:4      | Reached skill level 1 in Fire Magic
  5702 | D:4      | Reached skill level 5 in Spellcasting
  5702 | D:4      | Reached skill level 5 in Conjurations
  5784 | D:4      | Noticed an ogre
  5793 | D:4      | Killed an ogre
  5793 | D:4      | Reached XP level 7. HP: 36/36 MP: 19/22
  6258 | D:5      | Entered Level 5 of the Dungeon
  6566 | D:5      | Found a shimmering altar of Xom.
  6646 | D:5      | Reached skill level 6 in Conjurations
  7355 | D:5      | Reached skill level 7 in Conjurations
  7355 | D:5      | Reached XP level 8. HP: 41/41 MP: 16/25
  7826 | D:6      | Got a twisted whip
  7903 | D:6      | Got a scintillating sapphire amulet
  8253 | D:5      | Identified the amulet "Dycegg" {Stasis rC- Str+2 Int+4} (You found it on level 6 of the Dungeon)
  8454 | D:6      | You fall through a shaft!
  8454 | D:7      | Found a staircase to the Ecumenical Temple.
  8485 | Temple   | Entered the Ecumenical Temple
  8501 | Temple   | Became a worshipper of Vehumet
  8609 | D:7      | Noticed Arkorax's ghost (experienced MiGl)
  8919 | D:7      | Reached skill level 8 in Conjurations
  9167 | D:7      | Found an opulent altar of Gozag.
  9170 | D:7      | Found a basalt altar of Yredelemnul.
  9173 | D:7      | Found a white marble altar of Elyvilon.
  9870 | D:6      | Noticed Pikel
  9891 | D:6      | Killed Pikel
  9891 | D:6      | Reached skill level 5 in Fire Magic
  9891 | D:6      | Reached XP level 9. HP: 45/45 MP: 13/28
 10105 | D:7      | Reached skill level 9 in Conjurations
 10110 | D:7      | Acquired Vehumet's first power
 10110 | D:7      | Offered knowledge of Shock by Vehumet.
 10113 | D:7      | Learned a level 1 spell: Shock
 10980 | D:8      | Found a sacrificial altar of Ru.
 11020 | D:8      | Found a glowing silver altar of Zin.
 11283 | D:9      | Noticed a guardian serpent
 11290 | D:9      | Slain by a guardian serpent

Action                   |  1- 3 |  4- 6 |  7- 9 || total
-------------------------+-------+-------+-------++-------
Melee: Mace              |       |       |    13 ||    13
       Flail             |       |       |     4 ||     4
       Staff             |       |       |     1 ||     1
 Cast: Magic Dart        |   141 |   254 |   397 ||   792
       Call Imp          |     1 |       |    17 ||    18
       Mephitic Cloud    |       |     6 |    30 ||    36
       Conjure Flame     |       |     3 |    12 ||    15
       Shock             |       |       |     8 ||     8
  Use: Potion            |     1 |       |       ||     1
       Scroll            |       |     3 |    11 ||    14
  Eat: Chunk             |     3 |     5 |    15 ||    23
       Beef jerky        |     1 |       |       ||     1
       Meat ration       |       |     1 |       ||     1
       Pizza             |       |       |     1 ||     1
